AoeStats
← 9miniUzzi

Arena

510251230Analyzed
4v4 RM · 2d ago on Sep 30, 2026· 51m 41s· 8 players
Game mode
Random Map
Map size
Large (8 player)
Population
200
Speed
Normal
Resources
Standard
Victory
Conquest
Starting age
Dark Age
Ending age
Imperial Age
RankedLock teamsTeams togetherTeam positionsShared explorationLock speedFull tech treeHidden civsTurbo modeCheats
Victory
Defeat
🇲🇽 Italians · Mexico
1036
+12
🇲🇽 Vietnamese · Mexico
1026
+12
🇲🇽 Franks · Mexico
993
+13
🇲🇽 Burgundians · Mexico
973
+14
🇮🇩 Vietnamese · Indonesia
1042
-16
🇺🇸 Romans · United States
943
-13
🇲🇽 Byzantines · Mexico
931
-13
🇮🇩 Franks · Indonesia
835
-9
Parpastoplo
0:30 Loom
12:04 Feudal Age
16:18 Castle Age
15:58 Double-Bit Axe
15:55 Horse Collar
25:05 Heavy Plow
26:37 Wheelbarrow
27:17 Bow Saw
29:54 Hand Cart
33:05 Imperial Age
33:14 Imperial Age
31:12 Murder Holes
34:28 Conscription
35:21 Crop Rotation
monarch8
13:34 Feudal Age
15:36 Double-Bit Axe
18:15 Castle Age
17:29 Loom
18:19 Stone Mining
18:14 Horse Collar
18:26 Gold Mining
24:19 Wheelbarrow
26:35 Bow Saw
30:55 Imperial Age
31:01 Coinage
31:25 Gold Shaft Mining
31:10 Squires
31:29 Heavy Plow
31:00 Heavy Scorpion
32:12 Ballistas
32:52 Hand Cart
32:27 Town Watch
37:33 Fortified Wall
37:38 Town Patrol
41:22 Banking
40:52 Caravan
mAjiCode
11:05 Feudal Age
15:19 Castle Age
13:41 Double-Bit Axe
15:19 Horse Collar
17:18 Bow Saw
20:45 Wheelbarrow
20:42 Loom
24:17 Hand Cart
24:27 Stone Mining
24:29 Gold Mining
26:25 Fletching
28:24 Heavy Plow
32:36 Bodkin Arrow
33:54 Pikeman
34:34 Squires
34:49 Scale Mail Armor
35:00 Forging
35:32 Squires
35:18 Arson
35:50 Chain Mail Armor
38:38 Iron Casting
41:46 Imperial Age
41:56 Elite Fire Lancer
Picnic
11:44 Feudal Age
12:31 Double-Bit Axe
18:57 Castle Age
17:56 Stone Mining
18:47 Gold Mining
21:06 Wheelbarrow
23:15 Bow Saw
26:49 Gold Shaft Mining
27:07 Husbandry
27:22 Forging
27:18 Scale Barding Armor
27:34 Hand Cart
31:12 Caravan
32:38 Iron Casting
32:25 Chain Barding Armor
34:52 Imperial Age
35:38 Cavalier
38:35 Conscription
39:25 Blast Furnace
39:11 Plate Barding Armor
38:56 Chivalry
39:08 Paladin
40:27 Onager
Ozelote
9:50 Feudal Age
8:05 Loom
19:55 Castle Age
18:32 Wheelbarrow
17:54 Horse Collar
18:02 Double-Bit Axe
19:07 Fletching
21:24 Bodkin Arrow
21:40 Forging
23:21 Gold Mining
23:21 Stone Mining
23:40 Stone Mining
25:29 Town Watch
28:05 Hand Cart
27:51 Town Patrol
28:49 Iron Casting
31:10 Scale Mail Armor
31:15 Scale Barding Armor
34:19 Bloodlines
35:20 Squires
37:19 Bow Saw
37:34 Chain Barding Armor
38:25 Chain Mail Armor
41:23 Imperial Age
38:52 Arson
40:03 Stone Shaft Mining
39:41 Heavy Plow
43:44 Two-Man Saw
44:08 Plate Mail Armor
45:14 Conscription
47:48 Padded Archer Armor
49:09 Chemistry
48:29 Ballistics
47:52 Treadmill Crane
48:07 Murder Holes
48:34 Masonry
50:22 Fortified Wall
50:32 Ballistics
50:50 Leather Archer Armor
9miniUzzi
11:08 Feudal Age
15:17 Castle Age
14:17 Double-Bit Axe
14:42 Horse Collar
25:03 Loom
26:07 Bow Saw
25:57 Heavy Plow
25:50 Gold Mining
25:51 Stone Mining
30:38 Imperial Age
29:21 Bloodlines
29:12 Husbandry
31:27 Wheelbarrow
30:43 Town Watch
31:38 Stone Shaft Mining
31:15 Scale Barding Armor
31:22 Forging
32:26 Chain Barding Armor
34:47 Two-Man Saw
34:18 Crop Rotation
33:29 Elite Battle Elephant
34:46 Plate Barding Armor
34:47 Iron Casting
34:45 Fletching
34:55 Padded Archer Armor
34:17 Elite Skirmisher
35:27 Hand Cart
36:45 Chatras
37:06 Paper Money
38:28 Imperial Skirmisher
39:13 Thumb Ring
39:08 Bodkin Arrow
39:29 Leather Archer Armor
39:36 Ballistics
40:17 Chemistry
40:21 Hoardings
40:29 Bracer
42:18 Ring Archer Armor
41:54 Caravan
42:25 Coinage
45:37 Scale Mail Armor
CyberMendigo
8:09 Loom
10:31 Feudal Age
15:34 Castle Age
22:44 Double-Bit Axe
31:19 Wheelbarrow
31:13 Gold Mining
31:58 Bow Saw
36:42 Hand Cart
37:55 Gold Shaft Mining
37:11 Stone Mining
39:47 Forging
39:42 Scale Barding Armor
41:33 Iron Casting
42:31 Chain Barding Armor
44:44 Imperial Age
42:00 Town Watch
43:32 Husbandry
45:07 Cavalier
46:45 Plate Barding Armor
47:10 Blast Furnace
46:33 Paladin
51:52 Chemistry
51:13 Ballistics
51:44 Conscription
Woodschino
6:35 Double-Bit Axe
6:46 Loom
14:33 Feudal Age
14:34 Wheelbarrow
13:45 Horse Collar
14:46 Gold Mining
15:24 Heavy Plow
16:13 Gold Shaft Mining
16:21 Bow Saw
17:32 Hand Cart
17:50 Stone Mining
20:00 Stone Shaft Mining
22:27 Scale Barding Armor
22:34 Forging
24:30 Castle Age
22:57 Scale Mail Armor
24:13 Forging
24:34 Cavalier
26:16 Crop Rotation
27:01 Two-Man Saw
26:11 Husbandry
29:20 Chain Barding Armor
32:53 Iron Casting
34:32 Fletching
36:20 Light Cavalry
42:43 Murder Holes
42:30 Treadmill Crane
43:01 Masonry
43:13 Ballistics
49:09 Imperial Age
49:29 Paladin
50:48 Plate Barding Armor
51:14 Blast Furnace
52:30 Conscription
Connection lost

Rejoining the realm…

Still unreachable

The connection could not be restored.

Session expired

The server has moved on; the page needs a fresh start.